Description

  • ZvP Ling-Bane Hydra into Infestor/Blord endgame vs 2-star phoenix opening
  • Hatch gas pool
  • @100-gas - pull 2 off gas
  • 31 3rd base
  • 32 3rd queen + overlord
  • @100 gas - Lair + drones back on gas
  • If SG→ 3:50 spores
  • 4:15 evo chamber + 2nd gas
    • +1 melee
    • +2 melee
  • 4:45 bane nest
  • @Lair - Hydra den
  • @3-base saturation - 3rd-6th gases all go down
  • @300 extra minerals - 4th base

VOD

https://www.youtube.com/watch?v=ieWadeAxT-g

Replay - ZvP Hydra-Bane vs 2-star phoenix to endgame PiG vs Disk

Build Order

Get SALT Encoding   

  12  0:01  Drone  
  13  0:13  Overlord  
  13  0:17  Drone  
  14  0:31  Drone x3  
  17  0:53  Hatchery  
  17  0:56  Drone x2  
  18  1:10  Extractor  
  17  1:15  Spawning Pool  
  17  1:18  Drone x2  
  18  1:31  Drone  
  19  1:42  Overlord  
  20  2:02  Queen x2  
  20  2:03  Zergling x4  
  26  2:12  Metabolic Boost  
  29  2:39  Hatchery  
  32  2:56  Overlord  
  32  2:59  Queen  
  36  3:16  Overlord  
  44  3:34  Overlord  
  45  3:51  Spore Crawler x2  
  46  3:59  Queen  
  49  4:07  Evolution Chamber  
  54  4:13  Lair, Extractor  
  54  4:20  Zergling x4  
  60  4:32  Spore Crawler  
  60  4:34  Zerg Melee Weapons Level 1  
  65  5:06  Extractor x4  
  64  5:07  Queen  
  63  5:14  Hydralisk Den  
  63  5:16  Baneling Nest  
  73  5:34  Overseer  
  73  5:44  Queen x2  
  73  5:49  Grooved Spines  
  76  5:53  Hatchery  
  78  5:59  Spore Crawler x2  
  82  6:07  Spore Crawler  
  80  6:30  Spore Crawler  
  79  6:36  Overseer  
  79  6:39  Spore Crawler  
  78  6:44  Zerg Melee Weapons Level 2  
  78  6:45  Centrifical Hooks  
  77  6:48  Evolution Chamber  
  89  7:03  Extractor  
  88  7:11  Spore Crawler  
  88  7:14  Muscular Augments, Hydralisk x10  
  105  7:22  Zerg Missile Weapons Level 1  
  126  7:48  Extractor  
  125  7:52  Infestation Pit  
  127  8:13  Zergling x12  
  149  8:36  Baneling x10  
  149  8:48  Hive  
  149  8:50  Spire  
  138  9:18  Zerg Missile Weapons Level 2  
  138  9:19  Zerg Ground Armor Level 1  
  171  9:41  Spine Crawler  
Spawning Tool Build Advisor. Get it on Overwolf

Analysis

  • It’s quite dangerous to open this style (no roach warren) vs any twilight or robo opening - best in the SG opening meta
  • A lot of the timings above are a little rough and somewhat flexible and should be adjusted to your level and scouting - make sure you’re always prioritising droning as much as possible and delay timings a good 20-30s if you’re ~platinum league
  • Reaction to 2-star phoenix involves many spores at all exposed bases and a heavy response of OVERLORDS and drones
  • spores/queens defend 2-star phoenix - hydras are too slow and vulnerable in small numbers
  • It’s more important to mass drones to compensate for the big damage you will take - even if they pick up few drones you will lose many overlords and have to make many spores which is a big investment
  • Endgame you want to adjust your broodlord count to the size of their ground army. A massive ground army = go up to 20 broodlords. A mostly air army means maybe as few as 6-8 broodlords just for clearing High Templar
  • Infestors are Insanely good the longer the game goes
  • I should have moved spines to secure the top middle of the map and would have had the whole top/right corner to myself and won by a much larger margin.

Go to:

Details

  • Created by: PiG      
  • Published on: Jul 11, 2019
  • Patch: 4.7.1
Show
View Real Time Build Order
Export as new Build Order

Comments (0)

There are no comments. Be the first!

Create an account to comment!